Map: Ever Dream LE

Players

ClsClassiC - Winner!

  • Race: Terran Terran
  • League: Master
  • Spawn Location: 1:00

MateNn

  • Race: Terran Terran
  • Spawn Location: 7:00

VOD

Have the link to the VOD?

Description

Time

  • Played on: April 15, 2020, 11:54 a.m.
  • Length: 16:38
Show
View Real Time Build Order
Export as new Build Order

ClsClassiC Terran - Winner!

Build Orders: 1/1/1, Mech 

Get SALT Encoding   

  12  0:00  SCV  
  13  0:13  SCV  
  14  0:16  Supply Depot  
  14  0:25  SCV  
  15  0:38  SCV  
  15  0:40  Barracks  
  16  0:50  SCV  
  16  0:53  Refinery  
  17  0:58  Refinery  
  17  1:02  SCV  
  18  1:14  SCV  
  19  1:27  Marine  
  19  1:29  Orbital Command  
  20  1:39  Factory  
  20  1:45  Marine  
  21  1:47  Supply Depot  
  21  1:55  SCV  
  22  2:02  Marine  
  23  2:09  SCV  
  24  2:20  Marine  
  24  2:21  SCV  
  26  2:23  Factory Tech Lab  
  26  2:24  Starport  
  26  2:33  SCV  
  27  2:38  Supply Depot  
  27  2:39  Barracks Reactor  
  27  2:43  Siege Tank  
  30  2:48  SCV  
  31  3:00  SCV  
  31  3:01  Medivac  
  34  3:08  Supply Depot  
  34  3:15  Marine x2  
  34  3:16  Siege Tank  
  39  3:33  Marine x2  
  41  3:35  Medivac  
  41  3:40  Supply Depot  
  42  3:56  Command Center  
  42  4:05  Cyclone  
  45  4:15  Viking  
  47  4:36  SCV  
  39  4:45  Siege Tank  
  42  4:48  Viking  
  42  4:50  SCV  
  45  5:02  Refinery  
  45  5:03  SCV  
  46  5:12  Command Center  
  46  5:15  SCV  
  44  5:27  Viking  
  44  5:28  Viking  
  48  5:29  SCV  
  48  5:32  Orbital Command  
  48  5:41  SCV  
  49  5:52  Refinery  
  49  5:53  SCV  
  50  6:06  SCV  
  51  6:11  SCV  
  51  6:18  SCV  
  53  6:21  Siege Tank  
  53  6:22  Viking  
  53  6:23  SCV  
  53  6:24  Viking  
  61  6:30  SCV  
  62  6:35  SCV  
  62  6:39  Orbital Command  
  63  6:42  SCV  
  63  6:45  Factory  
  64  6:55  Viking  
  66  7:05  Orbital Command  
  66  7:11  SCV  
  66  7:12  SCV  
  66  7:13  Viking  
  66  7:24  SCV x2  
  66  7:27  Siege Tank  
  66  7:29  Factory Tech Lab  
  70  7:31  Factory  
  70  7:33  SCV  
  70  7:36  SCV x2  
  71  7:45  SCV  
  71  7:48  SCV x2  
  71  7:51  Viking x2  
  78  7:56  Siege Tank  
  78  7:57  SCV  
  82  7:59  Refinery  
  82  8:00  SCV x2  
  84  8:09  SCV  
  84  8:12  SCV x2  
  85  8:16  Factory Tech Lab  
  85  8:23  Factory  
  85  8:40  Supply Depot, Siege Tank  
  85  8:41  Siege Tank, SCV x2  
  93  8:43  SCV  
  93  8:45  Siege Tank  
  82  8:53  SCV x2  
  81  8:55  SCV  
  82  9:06  SCV x2  
  82  9:08  Factory Tech Lab  
  84  9:11  Factory  
  84  9:13  Siege Tank x2  
  90  9:17  Siege Tank  
  90  9:19  Factory  
  89  9:35  Siege Tank  
  89  9:36  SCV x3  
  89  9:37  Viking  
  93  9:44  Refinery  
  93  9:45  Siege Tank  
  96  9:52  Supply Depot  
  83  10:01  Hellion  
  83  10:02  Hellion x2  
  83  10:04  SCV x3  
  89  10:07  Hellion  
  89  10:13  Factory Reactor  
  91  10:16  Command Center, SCV x3  
  91  10:17  Armory, Viking x2  
  91  10:18  Barracks  
  98  10:28  SCV x3  
  100  10:31  Hellion  
  100  10:32  Hellion x2  
  107  10:36  Supply Depot, Siege Tank x2  
  107  10:37  Supply Depot  
  107  10:38  Supply Depot  
  107  10:40  SCV  
  114  10:43  Orbital Command  
  114  10:49  Hellion, Infernal Pre-Igniter  
  116  10:52  Refinery  
  116  10:53  Hellion x2, Siege Tank  
  116  10:56  Refinery  
  123  11:02  Hellion  
  118  11:09  Hellion x2  
  118  11:11  Hellion  
  114  11:14  Hellion x2, Orbital Command, Viking x2  
  112  11:24  Hellion  
  112  11:30  Hellion x2  
  112  11:31  Hellion  
  112  11:32  Hellion  
  120  11:34  Orbital Command  
  120  11:36  Hellion  
  112  11:47  Hellion x2  
  112  11:52  Hellion x3, Viking x2  
  112  11:53  Hellion  
  124  11:57  Factory  
  120  12:08  SCV x2  
  120  12:09  SCV x2  
  120  12:15  Hellion x3  
  131  12:16  Factory Reactor  
  131  12:17  Barracks Reactor  
  131  12:20  SCV  
  131  12:21  Hellion x3  
  136  12:23  Viking  
  136  12:36  Hellion, Siege Tank  
  143  12:37  Hellion  
  143  12:42  Siege Tank x2  
  136  12:47  Viking  
  116  12:53  Viking  
  100  13:10  Siege Tank  
  100  13:11  Siege Tank, Factory Tech Lab  
  100  13:12  Hellion x3  
  110  13:13  Hellion  
  110  13:17  Medivac  
  110  13:22  Medivac  
  110  13:26  Factory  
  112  13:29  SCV x3  
  103  13:41  Orbital Command  
  103  13:47  Viking  
  103  13:48  Hellion x5  
  110  13:49  Hellion x4  
  110  13:52  Viking  
  111  14:09  Hellion x2  
  122  14:10  Hellion x5, Siege Tank x2  
  122  14:13  Terran Vehicle Weapons Level 1  
  131  14:17  Viking  
  133  14:25  Refinery  
  133  14:31  Hellion x3  
  139  14:37  Hellion, Siege Tank x3  
  128  14:42  Hellion  
  120  14:46  Siege Tank  
  123  14:55  Hellion  
  123  14:56  Hellion  
  127  15:00  Supply Depot  
  127  15:01  SCV  
  127  15:02  SCV  
  127  15:03  Siege Tank  
  132  15:09  Siege Tank  
  132  15:20  Medivac x2  
  130  15:30  Hellion, Siege Tank x2  
  138  15:41  Hellion x2  
  138  15:42  Hellion  
  136  15:59  Hellion x4  
Show
View Real Time Build Order
Export as new Build Order

MateNn Terran 

Build Orders:  

Get SALT Encoding   

  12  0:00  SCV  
  13  0:13  SCV  
  14  0:18  Supply Depot  
  14  0:25  SCV  
  15  0:30  Refinery  
  15  0:39  SCV  
  16  0:44  Barracks  
  16  0:51  SCV  
  16  0:56  Refinery  
  17  1:04  SCV  
  18  1:16  SCV  
  19  1:28  SCV  
  21  1:32  Reaper  
  21  1:36  Factory  
  21  1:41  Orbital Command  
  21  1:50  Supply Depot  
  21  2:04  Reaper  
  21  2:07  SCV  
  23  2:19  SCV  
  23  2:20  Hellion  
  26  2:32  Command Center, SCV  
  27  2:38  Reaper  
  28  2:49  Starport  
  28  2:50  Hellion  
  31  2:51  SCV  
  31  3:03  Supply Depot  
  31  3:12  Factory Tech Lab  
  31  3:13  Barracks Tech Lab  
  31  3:24  SCV  
  31  3:26  Refinery  
  32  3:36  SCV  
  32  3:37  Cyclone  
  32  3:39  Raven  
  38  3:45  Orbital Command, Barracks Reactor  
  38  3:48  SCV  
  39  4:01  SCV  
  40  4:13  SCV  
  38  4:36  SCV x2  
  40  4:42  Raven  
  40  4:45  Marine x2  
  44  4:48  Command Center, SCV  
  45  4:55  Cyclone  
  45  4:56  SCV  
  49  5:02  Supply Depot  
  49  5:03  Supply Depot  
  49  5:05  SCV  
  49  5:07  Marine x2  
  50  5:13  SCV  
  48  5:39  SCV  
  49  5:44  Siege Tank  
  49  5:45  SCV  
  53  5:51  SCV  
  53  5:55  Stimpack, Marine  
  55  5:57  SCV  
  55  6:00  Viking  
  55  6:02  Orbital Command  
  55  6:03  SCV  
  59  6:09  SCV  
  59  6:10  Viking  
  62  6:15  SCV  
  63  6:21  SCV  
  63  6:27  SCV  
  63  6:32  Viking  
  65  6:37  SCV x2  
  67  6:40  Viking  
  67  6:45  SCV  
  67  6:46  Marine  
  71  6:54  SCV  
  71  6:59  Orbital Command, SCV  
  73  7:02  Viking  
  73  7:04  Barracks, Marine  
  73  7:06  Barracks  
  73  7:07  Siege Tank, Barracks  
  74  7:21  Marine  
  73  7:25  SCV x2  
  75  7:33  Viking  
  77  7:39  Marine  
  76  7:46  SCV x2  
  76  7:54  Supply Depot, Barracks Reactor  
  76  7:55  Barracks Reactor x2  
  76  7:57  Marine  
  77  7:59  Engineering Bay x2  
  77  8:01  Supply Depot  
  77  8:03  Combat Shield  
  77  8:05  Barracks  
  75  8:15  Marine, Viking x2  
  75  8:16  SCV x3  
  83  8:28  SCV x3  
  83  8:32  Marine x2  
  83  8:33  Marine  
  89  8:40  SCV  
  87  8:47  Marine  
  79  8:51  Marine x2  
  79  8:52  Marine x2, Medivac x2  
  79  8:53  Barracks Reactor  
  86  8:58  Marine x2  
  86  8:59  SCV  
  86  9:00  SCV  
  86  9:02  Refinery  
  90  9:03  Refinery  
  90  9:04  Marine  
  90  9:05  Refinery  
  90  9:08  Marine  
  90  9:09  Marine x2  
  93  9:10  SCV  
  93  9:12  SCV  
  96  9:22  Medivac  
  91  9:27  SCV x3  
  91  9:28  Marine x4  
  91  9:29  Marine  
  97  9:32  Terran Infantry Weapons Level 1  
  97  9:33  Terran Infantry Armor Level 1  
  97  9:36  Marine x3  
  98  9:43  Marine, Medivac  
  101  9:46  SCV  
  101  9:47  SCV  
  101  9:55  Marine  
  101  9:56  Marine  
  101  9:58  Marine x2  
  91  10:00  Marine x2  
  91  10:01  SCV, Marine x2  
  91  10:02  SCV, Marine  
  91  10:04  Siege Tank  
  99  10:10  Medivac  
  101  10:19  Supply Depot  
  101  10:20  Supply Depot  
  101  10:21  Supply Depot  
  101  10:22  Supply Depot, Armory  
  101  10:23  Supply Depot x2  
  101  10:33  Factory  
  101  10:34  Factory  
  101  10:40  SCV x2, Marine x6  
  101  10:41  Marine x3  
  112  10:58  Marine x6  
  112  10:59  Marine x3  
  111  11:10  Siege Tank  
  108  11:15  SCV x2, Marine x3  
  108  11:16  Marine x3  
  108  11:17  Marine x3  
  112  11:19  Factory Tech Lab  
  109  11:29  SCV x2  
  107  11:33  Marine x6  
  107  11:35  Marine x3  
  107  11:37  Factory Tech Lab  
  112  11:41  Siege Tank  
  112  11:42  Siege Tank, Medivac x2  
  113  11:49  Command Center  
  113  11:51  Marine x6  
  113  11:53  Marine x2  
  116  11:57  Marine  
  106  12:04  SCV x2  
  106  12:08  Terran Infantry Armor Level 2, Terran Infantry Weapons Level 2  
  108  12:09  Marine  
  108  12:12  Marine, Medivac x2  
  108  12:13  Marine x2  
  108  12:14  Siege Tank x2  
  122  12:16  Siege Tank  
  122  12:17  SCV x2  
  122  12:30  Refinery  
  122  12:32  Marine  
  122  12:33  Marauder, Refinery, Marine x3  
  123  12:37  Marine  
  123  12:38  Marine x3  
  123  12:42  Medivac x2  
  111  12:46  Siege Tank x2  
  111  12:50  Marine x3  
  111  12:51  Marine  
  110  12:54  Marauder  
  110  12:55  Marine x2  
  110  12:56  Marine x2  
  100  13:08  Marine x4, Planetary Fortress  
  100  13:12  Medivac  
  101  13:13  Marine x3  
  101  13:14  Marine  
  101  13:16  Orbital Command  
  105  13:26  Marauder, Marine x2  
  106  13:28  Marine  
  106  13:29  Marine  
  106  13:32  Terran Vehicle Weapons Level 1, Marine x4  
  110  13:41  SCV  
  110  13:44  Marine x2  
  110  13:45  SCV  
  110  13:46  Marine x2  
  110  13:48  Marauder  
  117  13:55  Orbital Command  
  113  14:12  Marine x3  
  113  14:13  Marauder  
  113  14:16  Marine x3  
  115  14:22  Marine x2  
  116  14:30  Marine x3  
  119  14:34  Marauder, Marine x2  
  107  14:41  Barracks  
  107  14:43  Barracks, Marine x2  
  95  14:45  Barracks x2  
  95  14:47  Marine  
  95  14:48  Siege Tank, Marine x3  
  95  14:49  Medivac x2  
  102  14:53  SCV x2  
  102  14:55  Marauder  
  104  15:04  Marine x3  
  104  15:05  Marine x2  
  109  15:11  Command Center  
  90  15:14  Marine x2  
  90  15:16  Orbital Command  
  90  15:17  Marauder  
  90  15:19  Medivac x2  
  83  15:38  Marauder, Marine  
  83  15:39  Marine x4  
  89  15:47  Marine x2  
  89  15:48  Marine  
  87  15:51  Siege Tank  
  87  15:54  SCV x2  
  87  15:56  Marine x2  
  87  15:57  Marine  
  92  16:00  Marauder  
Tags
 
Composition
Mech
League
Master
Matchup
TvT
Opening
1/1/1
Race
Terran
Spawn Locations
Cross Positions
Add a new tag
Caveats
  • Supply blocks, unpowered buildings, or Contaminate may cause inaccurate times.
  • Supply counts are checked every 10 seconds.